 Dungeon Crawl Stone Soup version 0.22-a0-455-ga0624bf (webtiles) character file.

73 KristoblXynda the Slasher (level 4, 0/39 HPs)
             Began as a Naga Gladiator on June 5, 2018.
             Slain by a river rat (5 damage)
             ... on level 3 of the Dungeon.
             The game lasted 00:02:40 (2294 turns).

KristoblXynda the Slasher (Naga Gladiator)          Turns: 2294, Time: 00:02:41

Health: 0/39       AC:  6    Str: 16    XL:     4   Next: 27%
Magic:  4/4        EV:  5    Int: 10    God:
Gold:   21         SH:  0    Dex: 12    Spells: 3/3 levels left

rFire    . . .     SeeInvis +   a - +0 long sword
rCold    . . .     Gourm    .   (no shield)
rNeg     . . .     Faith    .   j - +0 chain mail
rPois    +         Spirit   .   c - +0 helmet
rElec    .         Reflect  .   (no cloak)
rCorr    .         Harm     .   (no gloves)
MR       .....                  (no barding)
Stlth    ..........             (no amulet)
HPRegen  0.13/turn              (no ring)
MPRegen  0.09/turn              (no ring)

@: lethally poisoned (0 -> -1), very slow
A: large, see invisible, deformed body, poison resistance, slowness 2, slow
metabolism 1, spit poison 1, AC +1
a: Spit Poison


You were on level 3 of the Dungeon.
You were not hungry.

You visited 1 branch of the dungeon, and saw 3 of its levels.

You collected 21 gold pieces.

Inventory:

Hand Weapons
 a - a +0 long sword (weapon)
Missiles
 d - 3 throwing nets (quivered)
Armour
 c - a +0 helmet (worn)
 j - a +0 chain mail (worn)
Scrolls
 l - a scroll of remove curse
Potions
 g - a potion of magic {unknown}
 k - a potion of resistance {unknown}
Comestibles
 f - 2 rations


   Skills:
 - Level 2.0 Fighting
 * Level 4.0 Long Blades
 - Level 2.0 Throwing
 + Level 1.1 Armour
 + Level 2.9 Dodging


You had 3 spell levels left.
You didn't know any spells.
Your spell library was empty.

Dungeon Overview and Level Annotations

Branches:
Dungeon (3/15)

Altars:

Portals:
Sewer: D:3

Annotations:
D:3 junkhipster's ghost, amateur OgBe


Innate Abilities, Weirdness & Mutations

You cannot wear boots.
Your serpentine skin is tough. (AC +1)
You have supernaturally acute eyesight. (SInv)
Armour fits poorly on your strangely shaped body.
Your system is resistant to poisons. (rPois)
You cover ground very slowly.
You have a slow metabolism.
You can spit poison.


Message History

Your chain mail prevents you from hitting the river rat.
The river rat is heavily wounded.
The river rat bites you.
Your chain mail prevents you from hitting the river rat.
The river rat is heavily wounded.
You feel sick. The river rat bites you.
* * * LOW HITPOINT WARNING * * *
You closely miss the river rat.
The river rat is heavily wounded.
The river rat bites you.
* * * LOW HITPOINT WARNING * * *
The river rat barely misses you.
You hit the river rat.
The river rat is severely wounded.
The river rat bites you.
* * * LOW HITPOINT WARNING * * *
You hit the river rat but do no damage.
The river rat is severely wounded.
The river rat bites you.
You die...

*,,**,,** ##.# *#.**,**
#..# #.**,* #.#*###
*##.##,* #.###.. *,...>,*
##.....# *,*..#**
##...#### *******,*#.#
####...##
*,,.,,,,*#.#######....#.#
*,,....###rr@......####.#
*,,.......r######### #.#
*,,....###.rs≈≈∩# **#.#
*,,..,,* #.≈rr≈≈# *,..#
******** ##.≈≈r≈# *,*##
*..≈≈≈# **,*
*.....#***,,*
*####..>**,** *##.**,*
***


You could see a river rat and 2 rats.

Vanquished Creatures
  A worker ant (D:2)
  An adder (D:3)
  A dart slug (D:2)
  3 leopard geckos
  3 bats
  2 giant cockroaches
  4 goblins
  4 hobgoblins
  10 kobolds
  3 rats
32 creatures vanquished.

Notes
Turn   | Place    | Note
-------+----------+-------------------------------------------
     0 | D:1      | KristoblXynda the Naga Gladiator began the quest for the Orb.
     0 | D:1      | Reached XP level 1. HP: 19/19 MP: 1/1
   452 | D:1      | Reached XP level 2. HP: 7/26 MP: 2/2
  1531 | D:2      | Reached XP level 3. HP: 26/32 MP: 3/3
  1724 | D:2      | HP: 1/32 [worker ant (5)]
  1727 | D:2      | Reached skill level 1 in Armour
  1727 | D:2      | Reached XP level 4. HP: 8/39 MP: 4/4
  2235 | D:3      | Noticed junkhipster's ghost (amateur OgBe)
  2276 | D:3      | Found a glowing drain.
  2287 | D:3      | Reached skill level 4 in Long Blades
  2294 | D:3      | Slain by a river rat

Vault maps used:
D:1:      mrwooster_arrival_statue_2
D:2:      minmay_wonky_spiral, minmay_misc_feat_more_columns,
          small_statue_intersection
D:3:      portal_sewer_entry_b, first_ration

Skill      XL: |  1  2  3  4 |
---------------+-------------+-----
Throwing       | 2 |  2.0
Armour         | 1 |  1.1
Long Blades    | 4 |  4.0
Fighting       | |  2.0
Dodging        | |  2.9

Action                   |  1- 3 |  4- 6 || total
-------------------------+-------+-------++-------
Melee: Long sword        |   100 |    28 ||   128
  Use: Potion            |     2 |       ||     2
       Scroll            |       |     5 ||     5
  Eat: Chunk             |     1 |       ||     1
       Ration            |       |     1 ||     1
Armor: Leather armour    |     3 |       ||     3
       Chain mail        |    45 |    12 ||    57
Dodge: Dodged            |    38 |     9 ||    47
       Rpst.: Long sword |    13 |     2 ||    15

Table legend:
 A = Spawn XP
 B = Non-spawn XP
 C = Spawn XP percentage of total XP
 D = Spawn monster count
 E = Non-spawn monster count
 F = Spawn count percentage of total count
 G = Total turns spent on level
                    A         B        C        D         E        F      G
               +---------+---------+-------+---------+---------+-------+---------
         Total |       0 |     105 |   0.0 |       0 |      32 |   0.0 |  2294
               +---------+---------+-------+---------+---------+-------+---------
           D:1 |       0 |      19 |   0.0 |       0 |      12 |   0.0 |  1220
           D:2 |       0 |      67 |   0.0 |       0 |      17 |   0.0 |  1012
           D:3 |       0 |      19 |   0.0 |       0 |       3 |   0.0 |    62
               +---------+---------+-------+---------+---------+-------+---------
